MWL (24 & UNDER)
MANHATTEN MEATHEADS @ MINNESOTA DEATH STARS
09/02/2027
 
TOP OF THE 1ST
Manhatten Meatheads batting - Pitching for Minnesota Death Stars : RHP Ben Graham
Pitching: RHP Ben Graham
Batting: SHB Cornell Payne 0-0: Ball
1-0: Foul Ball, location: 2F
1-1: Fly out, F9 (Flyball, 9)
Batting: RHB Adrián López 0-0: DOUBLE (Line Drive, 78D)
Batting: RHB Denver Baker 0-0: Ball
1-0: Ball
2-0: Ball
3-0: Called Strike
3-1: SINGLE (Groundball, 34D)
Adrián López to third
Runner from 3rd tries for Home, SAFE, throw made home
Batting: LHB Robbie Turner 0-0: Ball
1-0: Called Strike
1-1: Swinging Strike
1-2: Ball
2-2: Foul Ball, location: 2F
2-2: Ball
3-2: Foul Ball, location: 2F
3-2: Foul Ball, location: 2F
3-2: Foul Ball, location: 2F
3-2: Foul Ball, location: 2F
3-2: Base on Balls
Denver Baker to second
Batting: RHB Craig Chapman 0-0: Ball
1-0: Ball
2-0: Foul Ball, location: 2F
2-1: Ball
3-1: SINGLE (Groundball, 6MD)
Denver Baker to third
Robbie Turner to second
Runner from 3rd tries for Home, SAFE, no throw
Batting: LHB Miguel Pérez 0-0: Called Strike
0-1: Ball
1-1: Foul Ball, location: 2F
1-2: Strikes out looking
Batting: RHB Luis Reynoso 0-0: Ball
1-0: Swinging Strike
1-1: Foul Ball, location: 2F
1-2: Ball
2-2: Strikes out swinging
Top of the 1st over - 2 run(s), 3 hit(s), 0 error(s), 2 left on base; Manhatten 2 - Minnesota 0
BOTTOM OF THE 1ST
Minnesota Death Stars batting - Pitching for Manhatten Meatheads : RHP Nathan Davis
Pitching: RHP Nathan Davis
Batting: RHB William Robinson 0-0: Called Strike
0-1: Swinging Strike
0-2: Ball
1-2: Foul Ball, location: 2F
1-2: Fly out, F7 (Line Drive, 7)
Batting: RHB Mike Wagner 0-0: Fly out, F7 (Line Drive, 7)
Batting: RHB Gabriel Ángel 0-0: Ball
1-0: Ball
2-0: Foul Ball, location: 2F
2-1: Called Strike
2-2: Ball
3-2: Foul Ball, location: 2F
3-2: DOUBLE (Groundball, 3L)
Batting: RHB Raúl Flores 0-0: Ball
1-0: Called Strike
1-1: Ball
2-1: Foul Ball, location: 2F
2-2: Foul Ball, location: 2F
2-2: Strikes out swinging
Bottom of the 1st over - 0 run(s), 1 hit(s), 0 error(s), 1 left on base; Manhatten 2 - Minnesota 0
TOP OF THE 2ND
Manhatten Meatheads batting - Pitching for Minnesota Death Stars : RHP Ben Graham
Batting: RHB José Esparza 0-0: Called Strike
0-1: Ball
1-1: Called Strike
1-2: Ball
2-2: Strikes out swinging
Batting: LHB Hidalgo García 0-0: Called Strike
0-1: Foul Ball, location: 2F
0-2: Strikes out swinging
Batting: SHB Cornell Payne 0-0: Ball
1-0: Ball
2-0: Ball
3-0: Called Strike
3-1: Base on Balls
Batting: RHB Adrián López 0-0: Called Strike
0-1: Swinging Strike
0-2: Ball
1-2: Foul Ball, location: 2F
1-2: Strikes out looking
Top of the 2nd over - 0 run(s), 0 hit(s), 0 error(s), 1 left on base; Manhatten 2 - Minnesota 0
BOTTOM OF THE 2ND
Minnesota Death Stars batting - Pitching for Manhatten Meatheads : RHP Nathan Davis
Batting: LHB Shannon Hunter 0-0: Ball
1-0: Fly out, F4 (Popup, 4S)
Batting: LHB Matt Ruskin 0-0: Ground out 6-3 (Groundball, 6)
Batting: RHB José Rosales 0-0: Swinging Strike
0-1: Swinging Strike
0-2: Ball
1-2: Ball
2-2: Ball
3-2: Strikes out swinging
Bottom of the 2nd over - 0 run(s), 0 hit(s), 0 error(s), 0 left on base; Manhatten 2 - Minnesota 0
TOP OF THE 3RD
Manhatten Meatheads batting - Pitching for Minnesota Death Stars : RHP Ben Graham
Batting: RHB Denver Baker 0-0: Ball
1-0: Swinging Strike
1-1: Foul Ball, location: 2F
1-2: Strikes out swinging
Batting: LHB Robbie Turner 0-0: Ball
1-0: Foul Ball, location: 2F
1-1: Ball
2-1: Foul Ball, location: 2F
2-2: Strikes out swinging
Batting: RHB Craig Chapman 0-0: Called Strike
0-1: Ball
1-1: Ball
2-1: Called Strike
2-2: Strikes out swinging
Top of the 3rd over - 0 run(s), 0 hit(s), 0 error(s), 0 left on base; Manhatten 2 - Minnesota 0
BOTTOM OF THE 3RD
Minnesota Death Stars batting - Pitching for Manhatten Meatheads : RHP Nathan Davis
Batting: LHB Júlio Córdova 0-0: Foul Ball, location: 2F
0-1: Ball
1-1: Called Strike
1-2: Foul Ball, location: 2F
1-2: Foul Ball, location: 2F
1-2: Ball
2-2: Ball
3-2: Foul Ball, location: 2F
3-2: Strikes out looking
Batting: RHB Vaughan Tillman 0-0: Called Strike
0-1: Foul Ball, location: 2F
0-2: Strikes out swinging
Batting: RHB William Robinson 0-0: Ball
1-0: Swinging Strike
1-1: Fly out, F7 (Flyball, 7)
Bottom of the 3rd over - 0 run(s), 0 hit(s), 0 error(s), 0 left on base; Manhatten 2 - Minnesota 0
TOP OF THE 4TH
Manhatten Meatheads batting - Pitching for Minnesota Death Stars : RHP Ben Graham
Batting: LHB Miguel Pérez 0-0: Called Strike
0-1: Swinging Strike
0-2: SINGLE (Line Drive, 7S)
Batting: RHB Luis Reynoso 0-0: Ball
1-0: Called Strike
1-1: Fielders Choice at 2nd, 6-4 (Groundball, 56)
Batting: RHB José Esparza 0-0: Ball
1-0: Grounds into double play, 6-4-3 (Groundball, 6)
Top of the 4th over - 0 run(s), 1 hit(s), 0 error(s), 0 left on base; Manhatten 2 - Minnesota 0
BOTTOM OF THE 4TH
Minnesota Death Stars batting - Pitching for Manhatten Meatheads : RHP Nathan Davis
Batting: RHB Mike Wagner 0-0: Fly out, F7 (Line Drive, 78M)
Batting: RHB Gabriel Ángel 0-0: Foul Ball, location: 2F
0-1: Ball
1-1: SINGLE (Groundball, 56D)
Batting: RHB Raúl Flores 0-0: Ball
1-0: Fielders Choice at 2nd, 6-4 (Groundball, 6)
Batting: LHB Shannon Hunter 0-0: Foul Ball, location: 2F
0-1: Foul Ball, location: 2F
0-2: Foul Ball, location: 2F
0-2: Fly out, F8 (Flyball, 8LM)
Bottom of the 4th over - 0 run(s), 1 hit(s), 0 error(s), 1 left on base; Manhatten 2 - Minnesota 0
TOP OF THE 5TH
Manhatten Meatheads batting - Pitching for Minnesota Death Stars : RHP Ben Graham
Batting: LHB Hidalgo García 0-0: Ball
1-0: Ground out 6-3 (Groundball, 6)
Batting: SHB Cornell Payne 0-0: Ball
1-0: Called Strike
1-1: Foul Ball, location: 2F
1-2: Ball
2-2: Foul Ball, location: 2F
2-2: Foul Ball, location: 2F
2-2: Foul Ball, location: 2F
2-2: DOUBLE (Line Drive, 9LM)
Batting: RHB Adrián López 0-0: Foul Ball, location: 2F
0-1: Foul Ball, location: 2F
0-2: SINGLE (Line Drive, 7S)
Cornell Payne to third
Runner from 3rd tries for Home, SAFE, no throw
Pitching: RHP Luis García
Batting: RHB Denver Baker 0-0: Called Strike
0-1: Ball
1-1: Ball
2-1: Foul Ball, location: 2F
2-2: Strikes out swinging
Batting: LHB Robbie Turner 0-0: Fielders Choice at 2nd, 4-6 (Groundball, 4)
Top of the 5th over - 1 run(s), 2 hit(s), 0 error(s), 0 left on base; Manhatten 3 - Minnesota 0
BOTTOM OF THE 5TH
Minnesota Death Stars batting - Pitching for Manhatten Meatheads : RHP Nathan Davis
Batting: LHB Matt Ruskin 0-0: Swinging Strike
0-1: Ball
1-1: Foul Ball, location: 2F
1-2: Strikes out looking
Batting: RHB José Rosales 0-0: Ground out 5-3 (Groundball, 56S)
Batting: LHB Júlio Córdova 0-0: Ball
1-0: Called Strike
1-1: Ball
2-1: SINGLE (Flyball, 6D)
Batting: RHB Vaughan Tillman 0-0: Ball
1-0: Ball
2-0: SINGLE (Groundball, 34D)
Júlio Córdova to second
Runner from 2nd tries for 3rd, SAFE, no throw
Batting: RHB William Robinson 0-0: Ball
1-0: Called Strike
1-1: Ball
2-1: Ground out 1-3 (Groundball, 15S)
Bottom of the 5th over - 0 run(s), 2 hit(s), 0 error(s), 2 left on base; Manhatten 3 - Minnesota 0
TOP OF THE 6TH
Manhatten Meatheads batting - Pitching for Minnesota Death Stars : RHP Luis García
Batting: RHB Craig Chapman 0-0: Ball
1-0: Ball
2-0: SINGLE (Groundball, 56D)
Batting: LHB Miguel Pérez 0-0: Grounds into double play, 4-6-3 (Groundball, 34)
Batting: RHB Luis Reynoso 0-0: Ball
1-0: SINGLE (Line Drive, 34D)
Batting: RHB José Esparza 0-0: Foul Ball, location: 2F
0-1: Ball
1-1: Called Strike
1-2: Ball
2-2: Ball
3-2: Base on Balls
Luis Reynoso to second
Batting: LHB Hidalgo García 0-0: Ground out 4-3 (Groundball, 34D)
Top of the 6th over - 0 run(s), 2 hit(s), 0 error(s), 2 left on base; Manhatten 3 - Minnesota 0
BOTTOM OF THE 6TH
Minnesota Death Stars batting - Pitching for Manhatten Meatheads : RHP Nathan Davis
Batting: RHB Mike Wagner 0-0: Ball
1-0: Called Strike
1-1: Ball
2-1: Ball
3-1: Fly out, F2 (Popup, 3S)
Batting: RHB Gabriel Ángel 0-0: Ball
1-0: Foul Ball, location: 2F
1-1: Ball
2-1: Foul Ball, location: 2F
2-2: Ball
3-2: SINGLE (Line Drive, 4M)
Batting: RHB Raúl Flores 0-0: Ball
1-0: Called Strike
1-1: SINGLE (Line Drive, 8RS)
Gabriel Ángel to second
Batting: LHB Shannon Hunter 0-0: Ball
1-0: Swinging Strike
1-1: Ball
2-1: Foul Ball, location: 2F
2-2: Foul Ball, location: 2F
2-2: Foul Ball, location: 2F
2-2: Fly out, F7 (Flyball, 7)
Pitching: LHP Miguel Angel Meléndez
Batting: LHB Matt Ruskin 0-0: Foul Ball, location: 2F
0-1: Ball
1-1: Ball
2-1: Ball
3-1: Called Strike
3-2: Ground out 3-1 (Groundball, 34)
Bottom of the 6th over - 0 run(s), 2 hit(s), 0 error(s), 2 left on base; Manhatten 3 - Minnesota 0
TOP OF THE 7TH
Manhatten Meatheads batting - Pitching for Minnesota Death Stars : RHP Luis García
Batting: SHB Cornell Payne 0-0: Called Strike
0-1: Ball
1-1: Ball
2-1: Called Strike
2-2: Strikes out swinging
Batting: RHB Adrián López 0-0: Fly out, F7 (Flyball, 78D)
Batting: RHB Denver Baker 0-0: Fly out, F7 (Flyball, 78M)
Top of the 7th over - 0 run(s), 0 hit(s), 0 error(s), 0 left on base; Manhatten 3 - Minnesota 0
BOTTOM OF THE 7TH
Minnesota Death Stars batting - Pitching for Manhatten Meatheads : LHP Miguel Angel Meléndez
Batting: RHB José Rosales 0-0: Called Strike
0-1: Ball
1-1: Fly out, F8 (Flyball, 8LS)
Batting: LHB Júlio Córdova 0-0: Ball
1-0: Ground out 3-1 (Groundball, 34)
Batting: RHB Vaughan Tillman 0-0: Called Strike
0-1: Swinging Strike
0-2: Ball
1-2: Strikes out swinging
Bottom of the 7th over - 0 run(s), 0 hit(s), 0 error(s), 0 left on base; Manhatten 3 - Minnesota 0
TOP OF THE 8TH
Manhatten Meatheads batting - Pitching for Minnesota Death Stars : RHP Luis García
Batting: LHB Robbie Turner 0-0: Ball
1-0: Ball
2-0: Fly out, F7 (Line Drive, 78M)
Batting: RHB Craig Chapman 0-0: Called Strike
0-1: Ball
1-1: Ball
2-1: Ball
3-1: Called Strike
3-2: Base on Balls
Batting: LHB Miguel Pérez 0-0: Called Strike
0-1: SINGLE (Groundball, 3L) (infield hit)
Craig Chapman to second
Batting: RHB Luis Reynoso 0-0: Ball
1-0: Ball
2-0: Ball
Passed Ball!
Craig Chapman to third
Miguel Pérez to second
3-0: Base on Balls
Batting: RHB José Esparza 0-0: Foul Ball, location: 2F
0-1: Foul Ball, location: 2F
0-2: Ball
1-2: Ball
2-2: Strikes out swinging
Pitching: LHP Kurt Brown
Batting: LHB Hidalgo García 0-0: SINGLE (Line Drive, 8RM)
Craig Chapman scores
Miguel Pérez to third
Luis Reynoso to second
Pitching: RHP Dani Quintela
Batting: SHB Cornell Payne 0-0: Swinging Strike
0-1: Fly out, F7 (Line Drive, 7)
Top of the 8th over - 1 run(s), 2 hit(s), 0 error(s), 3 left on base; Manhatten 4 - Minnesota 0
BOTTOM OF THE 8TH
Minnesota Death Stars batting - Pitching for Manhatten Meatheads : LHP Miguel Angel Meléndez
Batting: RHB William Robinson 0-0: Ball
1-0: Swinging Strike
1-1: Swinging Strike
1-2: Ball
2-2: Strikes out swinging
Batting: RHB Mike Wagner 0-0: Ball
1-0: SINGLE (Line Drive, 8RS)
Batting: RHB Gabriel Ángel 0-0: Called Strike
0-1: Called Strike
0-2: Ball
1-2: Strikes out swinging
Batting: RHB Raúl Flores 0-0: Called Strike
0-1: Foul Ball, location: 2F
0-2: Foul Ball, location: 2F
0-2: Strikes out swinging
Bottom of the 8th over - 0 run(s), 1 hit(s), 0 error(s), 1 left on base; Manhatten 4 - Minnesota 0
TOP OF THE 9TH
Manhatten Meatheads batting - Pitching for Minnesota Death Stars : RHP Dani Quintela
Pitching: RHP Alfredo Cabral
Batting: RHB Adrián López 0-0: Foul Ball, location: 2F
0-1: Foul Ball, location: 2F
0-2: Ball
1-2: DOUBLE (Groundball, 5L)
Batting: RHB Denver Baker 0-0: Intentional Walk
Batting: LHB Robbie Turner 0-0: Called Strike
0-1: Foul Ball, location: 2F
0-2: Foul Ball, location: 2F
0-2: Strikes out swinging
Batting: RHB Craig Chapman 0-0: Ball
1-0: Foul Ball, location: 2F
1-1: Foul Ball, location: 2F
1-2: Hit by Pitch
Adrián López to third
Denver Baker to second
Batting: LHB Miguel Pérez 0-0: Called Strike
0-1: Fly out, F3 (Line Drive, 3S)
Batting: RHB Luis Reynoso 0-0: Called Strike
0-1: Fly out, F6 (Popup, 6)
Top of the 9th over - 0 run(s), 1 hit(s), 0 error(s), 3 left on base; Manhatten 4 - Minnesota 0
BOTTOM OF THE 9TH
Minnesota Death Stars batting - Pitching for Manhatten Meatheads : LHP Miguel Angel Meléndez
Batting: LHB Shannon Hunter 0-0: Swinging Strike
0-1: Ball
1-1: Ball
2-1: Ball
3-1: Called Strike
3-2: Strikes out looking
Batting: LHB Matt Ruskin 0-0: Called Strike
0-1: Ball
1-1: Called Strike
1-2: Ball
2-2: Foul Ball, location: 2F
2-2: Ball
3-2: Base on Balls
Batting: RHB José Rosales 0-0: Called Strike
0-1: Ball
1-1: Fly out, F4 (Popup, 4D)
Batting: LHB Júlio Córdova 0-0: Called Strike
0-1: Ball
1-1: Swinging Strike
1-2: Strikes out swinging
Bottom of the 9th over - 0 run(s), 0 hit(s), 0 error(s), 1 left on base; Manhatten 4 - Minnesota 0
Thursday, March 30th, 2017 - OOTP Baseball 17.12 Build 75